 Dungeon Crawl Stone Soup version 0.29.0-15-g675c0067aa (webtiles) character file.

Game seed: 18444333196668762393

12 qw the Sneak (level 2, 0/19 HPs)
             Began as a Gargoyle Delver on Sept 11, 2022.
             Slain by an adder (2 damage)
             ... on level 4 of the Dungeon.
             The game lasted 00:00:02 (26 turns).

qw the Sneak (Gargoyle Delver)                        Turns: 26, Time: 00:00:03

Health: 0/19       AC:  5    Str: 15    XL:     2   Next: 33%
Magic:  2/2        EV: 11    Int: 10    God:
Gold:   0          SH:  0    Dex: 11    Spells: 1/1 levels left

rFire   . . .      SeeInvis .   a - +0 hand axe
rCold   . . .      Faith    .   (no shield)
rNeg    + . .      Spirit   .   b - +0 leather armour
rPois   inf        Reflect  .   (no helmet)
rElec   +          Harm     .   (no cloak)
rCorr   .          Rampage  .   (no gloves)
Will    .....                   (no boots)
Stlth   +++.......              (no amulet)
HPRegen 0.06/turn               (no ring)
MPRegen 0.08/turn               (no ring)

@: no status effects
A: sickness immunity, AC +2, negative energy resistance 1, electricity
resistance, torment resistance 1, petrification resistance
a: no special abilities


You were on level 4 of the Dungeon.
You visited 1 branch of the dungeon, and saw 2 of its levels.


Innate Abilities, Weirdness & Mutations

You are immune to sickness and miasma.
Your stone body is resilient. (AC +2)
You are immune to poison.
You resist negative energy. (rN+)
You are resistant to electric shocks. (rElec)
You are resistant to unholy torment.
You are immune to petrification.


   Skills:
 - Level 3.2 Fighting
 + Level 2.6 Axes
 - Level 1.5 Dodging
 - Level 5.4 Stealth


You had one spell level left.
You didn't know any spells.
Your spell library was empty.

Inventory:

Hand Weapons
 a - a +0 hand axe (weapon)
Armour
 b - a +0 leather armour (worn)
Wands
 g - a wand of digging (3)
Potions
 f - a potion of haste

Dungeon Overview and Level Annotations

Branches:
Dungeon (5/15)
 Temple: D:4-7

Altars:

Shops:
D:5 [


Message History

You barely miss the endoplasm.
The endoplasm is almost dead.
You barely miss the adder. The adder bites you.
The endoplasm hits you but does no damage.
The orc priest shouts!
You slash the endoplasm!
You kill the endoplasm!
You hit the adder. The adder bites you but does no damage.
You barely miss the adder.
The adder is lightly wounded.
You hit the orc but do no damage. The adder barely misses you.
The orc barely misses you. The adder misses you.
You closely miss the adder.
The adder is lightly wounded.
You hit the orc. x2
The adder closely misses you.
The orc priest looks encouraged for a moment.
The orc closely misses you. The orc hits you but does no damage.
The adder bites you but does no damage.
You hit the orc.
The orc is almost dead.
You hit the adder. You hit the orc. The orc hits you with a +0 flail.
The adder bites you but does no damage. The orc hits you with a +0 flail.
You barely miss the orc.
The orc is almost dead.
You hit the orc.
You kill the orc!
You hit the orc priest but do no damage.
You hit the adder. The adder bites you. The orc hits you with a +0 flail.
The orc priest closely misses you.
You hit the orc.
You kill the orc!
You hit the adder. You hit the orc priest.
You hit the orc priest but do no damage.
The adder bites you.
You die...

#####
##...##
#>@)?.#
#oSo..#
#.....#
#.....#
#....##
#....#
#.....
##....#


You could see 2 orc priests and an adder.

Vanquished Creatures
  An adder (D:5)
  2 orcs (D:4)
  An endoplasm (D:4)
4 creatures vanquished.

Notes
Turn   | Place    | Note
-------+----------+-------------------------------------------
     0 | D:5      | qw the Gargoyle Delver began the quest for the Orb.
     0 | D:5      | Reached XP level 1. HP: 14/14 MP: 1/1
     0 | D:5      | 0 ||| qw: Version: 0.1-a-118-gb4e7ce6
     0 | D:5      | 0 ||| qw: Game counter: 10341
     0 | D:5      | 0 ||| qw: Always use a shield: true
     0 | D:5      | 0 ||| qw: God list: Okawaru
     0 | D:5      | 0 ||| qw: Allow faded altars: false
     0 | D:5      | 0 ||| qw: Do Orc after D:15 true
     0 | D:5      | 0 ||| qw: Do second Lair branch before Depths: true
     0 | D:5      | 0 ||| qw: Lair rune preference: random
     0 | D:5      | 0 ||| qw: Plans: Normal
     0 | D:5      | 0 ||| PLANNING D:1-11
     1 | D:5      | 1 ||| DROPPING scroll of fog.
     2 | D:5      | 2 ||| DROPPING scroll of magic mapping.
     3 | D:5      | 3 ||| DROPPING scroll of fear.
     6 | D:5      | 6 ||| FLEEEEING.
    12 | D:5      | Reached XP level 2. HP: 18/19 MP: 2/2
    13 | D:5      | Found Urezas's Armour Emporium.
    15 | D:5      | 15 ||| STAIRDANCE
    25 | D:4      | HP: 4/19 [adder (2)]
    26 | D:4      | Slain by an adder

Levels and vault maps discovered:
D:4:      layout_gridville, minmay_temple_entry_poolview
D:5:      layout_basic, good_gods_mini_temple, gammafunk_ghost_mausoleum,
          chequers_serial_rivers_small_b, minmay_tree_intersection,
          hangedman_decor_points, nicolae_inconvenience_store,
          chequers_serial_rivers_micro_a, grunt_ministairs_2, uniq_pikel

Skill      XL: |  1 |
---------------+----+-----
Axes           | 2 |  2.6
Fighting       | |  3.2
Dodging        | |  1.5
Stealth        | |  5.4

Action                   || total
-------------------------++-------
Melee: Hand axe          ||    11
Armor: Leather armour    ||     6
Dodge: Dodged            ||     8

Table legend:
 A = Non-vault XP
 B = Vault XP
 C = Vault XP percentage of total XP
 D = Non-vault monster count
 E = Vault monster count
 F = Vault count percentage of total count
                 A         B        C        D         E       F
            +---------+---------+-------+---------+---------+-------
      Total |      21 |       0 |   0.0 |       4 |       0 |   0.0
            +---------+---------+-------+---------+---------+-------
        D:4 |       8 |       0 |   0.0 |       3 |       0 |   0.0
        D:5 |      13 |       0 |   0.0 |       1 |       0 |   0.0
            +---------+---------+-------+---------+---------+-------
